AoeStats
← yellow.goose

Arabia

503503414Analyzed
1v1 RM · 1mo ago on Sep 1, 2026· 34m 46s· 2 players
Game mode
Random Map
Map size
Tiny (2 player)
Population
200
Speed
Normal
Resources
Standard
Victory
Conquest
Starting age
Dark Age
Ending age
Imperial Age
RankedLock teamsTeams togetherTeam positionsShared explorationLock speedFull tech treeHidden civsTurbo modeCheats
Victory
Defeat
🇺🇸 Byzantines · United States
1364
+16
🇺🇸 Dravidians · United States
1354
-16
Azteca 3060
5:22 Loom
10:58 Feudal Age
11:01 Man-at-Arms
22:06 Padded Archer Armor
25:51 Castle Age
24:59 Fletching
26:29 Double-Bit Axe
32:28 Town Watch
yellow.goose
6:37 Loom
9:42 Feudal Age
9:45 Man-at-Arms
15:40 Fletching
21:24 Castle Age
20:07 Double-Bit Axe
20:05 Horse Collar
21:29 Crossbowman
22:09 Bodkin Arrow
23:18 Bow Saw
28:50 Wheelbarrow
32:46 Imperial Age
30:47 Hand Cart
30:52 Padded Archer Armor
31:00 Heavy Plow
33:08 Ballistics
33:27 Leather Archer Armor
33:20 Thumb Ring
33:01 Arbalester
33:07 Arbalester
33:52 Bracer
35:09 Chemistry
Connection lost

Rejoining the realm…

Still unreachable

The connection could not be restored.

Session expired

The server has moved on; the page needs a fresh start.